 Dungeon Crawl Stone Soup version 0.17-a0-1528-gfee3901 (webtiles) character file.

17913 urechis the Bludgeoner (level 12, -1/148 HPs)
             Began as an Ogre Gladiator on July 14, 2015.
             Was a High Priest of Ru.
             Slain by a cyan ugly thing (12 damage)
             ... on level 12 of the Dungeon on July 15, 2015.
             The game lasted 00:59:54 (16670 turns).

urechis the Bludgeoner (Ogre Gladiator)            Turns: 16670, Time: 00:59:54

Health: -1/148     AC: 12    Str: 31    XL:     12   Next: 53%
Magic:  12/12      EV:  9    Int:  5    God:    Ru [*****.]
Gold:   1253       SH:  0    Dex: 10    Spells: 0 memorised, 11 levels left

rFire  . . .     SeeInvis .     a - +0 flail (protect)
rCold  + . .     Clarity  .     W - +2 robe {rC+}
rNeg   . . .     SustAt   .     (no shield)
rPois  .         Gourm    .     c - +1 hat
rElec  .         Spirit   .     H - +0 cloak
rCorr  .         Warding  .     (gloves unavailable)
rMut   .         Stasis   .     (boots unavailable)
MR     ++...                    V - amulet of rage
Stlth  ..........               S - ring of protection from magic
                                f - +4 ring of strength

@: about to teleport, no potions, very resistant to hostile enchantments,
extremely unstealthy
A: unfitting armour, dopey 1, tough skin 1, inability to drink while threatened,
no stealth, hated by all, inability to train dodging, no ice magic, no
necromancy magic, no summoning magic
a: Draw Out Power, Power Leap, Apocalypse, Renounce Religion, Evoke Berserk Rage


You were on level 12 of the Dungeon.
You worshipped Ru.
Ru was extremely pleased with you.
You were very hungry.

You visited 2 branches of the dungeon, and saw 13 of its levels.
You also visited: Ossuary.

You collected 1253 gold pieces.

Inventory:

Hand weapons
 a - a +0 flail of protection (weapon)
 b - a +0 blowgun
 v - a +0 giant spiked club
Missiles
 e - 4 throwing nets
 g - 20 poisoned needles
 j - 8 javelins
 y - 3 large rocks
 O - 8 tomahawks (quivered)
Armour
 c - a +1 hat (worn)
 H - a +0 cloak (worn)
 W - a +2 robe of cold resistance (worn)
Jewellery
 f - a +4 ring of strength (left hand)
 u - an uncursed amulet of resist corrosion
 w - a +6 ring of strength
 P - an uncursed ring of protection from fire
 S - a ring of protection from magic (right hand)
 V - an amulet of rage (around neck)
Magical devices
 o - a wand of teleportation (2)
Scrolls
 k - 4 scrolls of teleportation
 q - 3 scrolls of fog
 r - 2 scrolls of recharging
 t - 3 scrolls of blinking
 x - 8 scrolls of fear
 C - a scroll of enchant armour
 I - 3 scrolls of remove curse
 T - 2 scrolls of magic mapping
Potions
 h - 3 potions of ambrosia {unknown}
 i - a potion of degeneration {unknown}
 l - 4 potions of agility {unknown}
 m - a potion of cancellation
 n - 3 potions of curing
 s - a potion of invisibility {unknown}
 z - a potion of magic {unknown}
 A - a potion of lignification {unknown}
 B - 3 potions of poison {unknown}
 D - a potion of flight {unknown}
 E - a potion of resistance {unknown}
 F - a potion of berserk rage {unknown}
 K - a potion of haste {unknown}
 R - a potion of experience {unknown}
Miscellaneous
 X - a lamp of fire
Comestibles
 d - 12 bread rations
 p - 5 meat rations
 G - a slice of pizza
 L - 5 beef jerkies


   Skills:
 + Level 17.2 Fighting
 + Level 17.4 Maces & Flails
 + Level 4.6 Throwing


You had 11 spell levels left.
You didn't know any spells.

Dungeon Overview and Level Annotations

Branches:
Dungeon (12/15)            Temple (1/1) D:4            Lair (0/8) D:9
    Orc (0/4) D:9

Altars:
Ashenzari
Cheibriados
Dithmenos
Elyvilon
Fedhas
Gozag
Kikubaaqudgha
Makhleb
Nemelex Xobeh
Okawaru
Qazlal
Ru
Sif Muna
Trog
Vehumet
Xom
Yredelemnul
Zin
The Shining One

Shops:
D:4 %   D:9 (

Annotations:
D:11 exclusion: ice statue


Innate Abilities, Weirdness & Mutations

You are too large for most types of armour.
You are dopey. (Int -2)
You have tough skin (AC +1).
You cannot drink potions while threatened.
You cannot be stealthy.
You are hated by all.
You cannot train Dodging skill.
You cannot study or cast Ice magic.
You cannot study or cast Necromancy magic.
You cannot study or cast Summoning magic.


Message History

You focus your will and illuminate the cyan ugly thing in retribution!
You barely miss the cyan ugly thing.
The cyan ugly thing is lightly wounded.
You hit the cyan ugly thing but do no damage.
The cyan ugly thing is lightly wounded.
The cyan ugly thing barely misses you.
You sock the cyan ugly thing!
The cyan ugly thing is moderately wounded.
The cyan ugly thing trunk-slaps you!
* * * LOW HITPOINT WARNING * * *
The cyan ugly thing shocks you!
* * * LOW HITPOINT WARNING * * *
Evoke which item? (* to show all) (? for menu, Esc to quit)
Zapping:
o - a wand of teleportation (3)
Press: ? - help, Shift-Dir - straight line, f - you, p - cyan ugly thing You feel strangely unstable.
This wand has 2 charges left.
The cyan ugly thing trunk-slaps you!
* * * LOW HITPOINT WARNING * * *
The cyan ugly thing shocks you!
You die...

########################
...#....................
...#....................
...#....................
..††............@u.....(
...#....................
...#....................
...#....................
######################..
....... #............# .
....... #............#
....... #............#
....... #............#


You could see a cyan ugly thing.

Vanquished Creatures
  Nergalle (D:10)
  An unseen horror (D:11)
  4 hill giants
  A wizard (D:11)
  An ugly thing (D:11)
  A manticore (D:11)
  2 gargoyles
  The ghost of emiel the Spear-Bearer, an experienced MiWr (D:5)
  3 trolls
  2 kobold demonologists (D:11)
  A two-headed ogre (D:8)
  A wyvern (D:12)
  A water elemental (D:12)
  17 yaks
  2 deep elf magi
  A hungry ghost (D:8)
  A hippogriff (D:11)
  A water moccasin (D:12)
  A soldier ant (D:11)
  2 ice beasts
  5 sky beasts
  8 orc warriors
  4 black bears
  3 phantoms
  A necrophage (D:10)
  A crocodile (D:8)
  7 centaurs
  A wasp (D:8)
  10 ogres
  2 big kobolds
  7 giant frogs
  2 scorpions
  15 killer bees
  17 wights
  A jelly (D:11)
  3 electric eels
  10 crimson imps
  4 hounds
  17 orc wizards
  A quasit (D:9)
  A centaur skeleton (D:9)
  3 iguanas
  10 orc priests
  2 centaur zombies
  3 giant frog skeletons
  Jessica (D:2)
  4 worker ants
  5 hound skeletons
  3 mummies (Ossuary)
  2 worker ant zombies
  18 adders
  13 gnolls
  3 shadow imps
  A white imp (D:12)
  3 adder zombies (Ossuary)
  An adder skeleton (D:9)
  3 worms
  6 giant geckos
  51 orcs
  A bat zombie (D:5)
  5 giant cockroaches
  9 hobgoblins
  25 kobolds
  6 quokkas
  8 bats
  A giant gecko skeleton (D:6)
  A giant gecko zombie (D:5)
  11 giant newts
  14 goblins
  4 goblin zombies (Ossuary)
  2 hobgoblin zombies (Ossuary)
  17 jackals
  A jackal skeleton (D:8)
  A kobold zombie (Ossuary)
  An orc zombie (Ossuary)
  A quokka skeleton (D:5)
  3 quokka zombies (Ossuary)
  12 rats
  5 rat zombies
  2 fungi (D:6)
427 creatures vanquished.

Vanquished Creatures (others)
  A troll (D:9)
  A centaur (D:12)
  A killer bee (D:10)
  An iguana (D:7)
  A goblin (D:11)
5 creatures vanquished.

Grand Total: 432 creatures vanquished

Notes
Turn   | Place    | Note
--------------------------------------------------------------
     0 | D:1      | urechis the Ogre Gladiator began the quest for the Orb.
     0 | D:1      | Reached XP level 1. HP: 22/22 MP: 1/1
    91 | D:1      | Reached XP level 2. HP: 20/31 MP: 2/2
   745 | D:2      | Reached XP level 3. HP: 37/39 MP: 3/3
   835 | D:2      | Noticed Jessica
   847 | D:2      | Reached skill level 5 in Maces & Flails
   849 | D:2      | Killed Jessica
   849 | D:2      | Reached XP level 4. HP: 19/49 MP: 4/4
  1087 | D:2      | Found a sacrificial altar of Ru.
  1102 | D:2      | Became a worshipper of Ru the Awakened
  1691 | D:3      | Reached skill level 5 in Fighting
  1762 | D:3      | Reached XP level 5. HP: 13/57 MP: 5/5
  2015 | D:3      | Found a snail-covered altar of Cheibriados.
  2505 | D:3      | Reached skill level 6 in Maces & Flails
  2801 | D:3      | Gained mutation: You cannot be stealthy. [Ru sacrifice]
  3232 | D:4      | Noticed a phantom
  3255 | D:4      | Killed a phantom
  3255 | D:4      | Reached XP level 6. HP: 45/67 MP: 6/6
  3263 | D:4      | Found Tohokhih's Food Shoppe.
  3890 | D:4      | Reached skill level 7 in Maces & Flails
  4151 | D:4      | Noticed an ogre
  4159 | D:4      | Killed an ogre
  4159 | D:4      | Reached XP level 7. HP: 65/78 MP: 7/7
  4228 | D:4      | Found a staircase to the Ecumenical Temple.
  4237 | Temple   | Entered the Ecumenical Temple
  4361 | D:5      | Entered Level 5 of the Dungeon
  4436 | D:5      | Found a sparkling altar of Nemelex Xobeh.
  4442 | D:5      | Reached skill level 8 in Maces & Flails
  4550 | D:5      | Noticed emiel's ghost (experienced MiWr)
  4580 | D:5      | HP: 3/79 [emiel's ghost (11)]
  4582 | D:5      | Killed emiel's ghost
  4582 | D:5      | Reached skill level 9 in Maces & Flails
  4582 | D:5      | Reached XP level 8. HP: 15/91 MP: 8/8
  5269 | D:5      | Found an iron altar of Okawaru.
  5395 | D:5      | Found a blossoming altar of Fedhas.
  5564 | D:5      | Gained mutation: You are hated by all. [Ru sacrifice]
  5564 | D:5      | Acquired Ru's first power
  5564 | D:5      | Acquired Ru's second power
  5614 | D:5      | Reached skill level 10 in Maces & Flails
  6047 | D:5      | Reached skill level 10 in Fighting
  6470 | D:6      | Found an ancient bone altar of Kikubaaqudgha.
  6632 | D:6      | Reached skill level 11 in Maces & Flails
  6632 | D:6      | Reached XP level 9. HP: 40/102 MP: 9/9
  6740 | D:6      | Found a sand-covered staircase.
  6749 | Ossuary  | Entered an ossuary
  7220 | D:6      | Found a burning altar of Makhleb.
  7334 | D:6      | Found a sparkling altar of Nemelex Xobeh.
  7498 | D:6      | Found a sacrificial altar of Ru.
  7575 | D:6      | Gained mutation: You cannot study or cast Ice magic. [Ru sacrifice]
  7575 | D:6      | Gained mutation: You cannot study or cast Necromancy magic. [Ru sacrifice]
  7575 | D:6      | Gained mutation: You cannot study or cast Summoning magic. [Ru sacrifice]
  7575 | D:6      | Acquired Ru's third power
  7937 | D:7      | Reached skill level 12 in Maces & Flails
  8495 | D:7      | Found a deep blue altar of Sif Muna.
  8589 | D:7      | Upgraded the game from 0.17-a0-1522-g6c5b4ba to 0.17-a0-1528-gfee3901
  8665 | D:8      | Reached XP level 10. HP: 115/118 MP: 10/10
  8691 | D:8      | Reached skill level 13 in Maces & Flails
  8833 | D:8      | Found a stormy altar of Qazlal.
  8846 | D:8      | Found an opulent altar of Gozag.
  9187 | D:8      | Found a glowing golden altar of the Shining One.
  9556 | D:9      | Found Ribosm's Antique Weapon Emporium.
  9676 | D:9      | Gained mutation: You cannot train Dodging skill. [Ru sacrifice]
  9676 | D:9      | Acquired Ru's fourth power
  9776 | D:9      | Found a staircase to the Lair.
 10078 | D:9      | Found a staircase to the Orcish Mines.
 10124 | D:10     | Entered Level 10 of the Dungeon
 10544 | D:9      | Reached skill level 14 in Maces & Flails
 10963 | D:10     | Noticed a hill giant
 10971 | D:10     | Killed a hill giant
 11594 | D:10     | Reached XP level 11. HP: 105/131 MP: 11/11
 11640 | D:10     | Noticed Nergalle
 11653 | D:10     | Killed Nergalle
 11653 | D:10     | Reached skill level 15 in Maces & Flails
 11708 | D:10     | Noticed a hill giant
 11722 | D:10     | Killed a hill giant
 12135 | D:11     | Reached skill level 15 in Fighting
 12664 | D:11     | Noticed a hill giant
 13257 | D:11     | Found a sacrificial altar of Ru.
 13463 | D:11     | Noticed a wizard
 13698 | D:11     | Noticed an ice statue
 13717 | D:11     | Killed a hill giant
 13717 | D:11     | Reached skill level 16 in Maces & Flails
 13728 | D:11     | Gained mutation: You cannot drink potions while threatened. [Ru sacrifice]
 13728 | D:11     | Acquired Ru's fifth power
 14142 | D:11     | Noticed an unseen horror
 14153 | D:11     | Killed an unseen horror
 14445 | D:11     | Killed a wizard
 14951 | D:11     | Reached XP level 12. HP: 81/146 MP: 12/12
 15795 | D:12     | Reached skill level 17 in Maces & Flails
 16653 | D:12     | Gained mutation: You are dopey. (Int -2) [Ru sacrifice]
 16670 | D:12     | Slain by a cyan ugly thing

Vault maps used:
D:1:      elethiomel_arrival_infinity_welcomes_careful_drivers
D:2:      nicolae_ru_great_annihilating_truth, uniq_jessica
D:3:      nicolae_overflow_crystal_walls, minmay_misc_feat_hallway,
          minmay_cupped
D:4:      temple_hall, serial_shops, shop
D:5:      okawaru_gym_becter, lemuel_round_altar, first_bread, nemelex_deck
D:6:      old_standard_altar, lemuel_round_altar, lemuel_coloured_pillars_altar,
          kiku_gazebo_garden_becter, enter_ossuary_3, minmay_gold_behind_fungi,
          kennysheep_diamond
D:7:      led_sif_book, grunt_ogre_cave
D:8:      nicolae_tso_swordbearing_angel, grunt_gozag_statues,
          grunt_qazlal_clouds
D:9:      lair_0_dummy, orc_0_dummy, serial_shops, nicolae_shop_crystal
D:10:     uniq_nergalle
D:11:     lemuel_ice_statue, basic_altar, enter_bailey_3, minmay_librarian
D:12:     minivault_14, minmay_nine_imps
Temple:   circular_temple_pool_8
Ossuary:  ossuary_minmay_chase

Action                   |  1- 3 |  4- 6 |  7- 9 | 10-12 || total
-------------------------+-------+-------+-------+-------++-------
Melee: Flail             |    62 |   224 |   449 |   871 ||  1606
       Morningstar       |       |     1 |       |       ||     1
       Mace              |       |       |    30 |       ||    30
       Whip              |       |       |    23 |       ||    23
Throw: Javelin           |    14 |    51 |    39 |    76 ||   180
       Tomahawk          |       |       |       |    13 ||    13
       Throwing net      |       |       |       |     4 ||     4
Invok: Sacrifice Stealth |       |     1 |       |       ||     1
       Sacrifice Love    |       |       |     1 |       ||     1
       Sacrifice Arcana  |       |       |     1 |       ||     1
       Sacrifice Nimblen |       |       |       |     1 ||     1
       Draw Out Power    |       |       |       |     2 ||     2
       Sacrifice Drink   |       |       |       |     1 ||     1
       Sacrifice Purity  |       |       |       |     1 ||     1
Evoke: Wand              |       |       |       |     4 ||     4
  Use: Scroll            |       |     3 |     2 |    16 ||    21
       Potion            |       |       |     3 |     1 ||     4
 Stab: Paralysed         |       |     1 |       |     3 ||     4
       Sleeping          |       |     1 |       |       ||     1
       Invisible         |       |       |     2 |    15 ||    17
       Distracted        |       |       |       |     3 ||     3
  Eat: Chunk             |       |    10 |    11 |    16 ||    37
       Fruit             |       |       |     2 |     8 ||    10
       Beef jerky        |       |       |     1 |     2 ||     3
